 Dungeon Crawl Stone Soup version 0.31-a0-1616-gbeaec30b81 (webtiles) character file.

Game seed: 9034421666739489047

28 gelatine the Chopper (level 2, -2/22 HPs)
             Began as a Demonspawn Gladiator on Jan 10, 2024.
             Slain by Sigmund
             ... wielding a +2 vampiric scythe
              (9 damage)
             ... on level 2 of the Dungeon.
             The game lasted 00:02:11 (645 turns).

gelatine the Chopper (Demonspawn Gladiator)          Turns: 645, Time: 00:02:11

Health: -2/22      AC:  4    Str: 14    XL:     2   Next: 96%
Magic:  2/2        EV: 12    Int:  8    God:
Gold:   58         SH:  0    Dex: 14    Spells: 1/1 levels left

rFire   . . .        a - +0 war axe
rCold   . . .        (no shield)
rNeg    . . .        b - +0 leather armour
rPois   .            c - +0 helmet
rElec   .            (no cloak)
rCorr   .            (no gloves)
SInv    .            (no boots)
Will    +....        (no amulet)
Stlth   +            g - ring of willpower
HPRegen 0.23/turn    (no ring)
MPRegen 0.08/turn

%: no passive effects
@: no status effects
A: demonic magic 1
a: no special abilities


You were on level 2 of the Dungeon.
You visited 1 branch of the dungeon, and saw 2 of its levels.

You collected 58 gold pieces.

Inventory:

Hand Weapons
 a - a +0 war axe (weapon)
Armour
 b - a +0 leather armour (worn)
 c - a +0 helmet (worn)
Jewellery
 g - a ring of willpower (left hand)
Scrolls
 d - 3 scrolls of identify {unknown}
 f - a scroll of enchant weapon {unknown}
 i - a scroll of revelation {unknown}
 j - a scroll of brand weapon {unknown}
 k - a scroll of blinking {unknown}
 l - a scroll of teleportation {unknown}
 n - a scroll of noise {unknown}
Potions
 m - a potion of resistance {unknown}


   Skills:
 + Level 2.0 Fighting
 + Level 3.3 Axes
 + Level 2.0 Throwing
 * Level 0.2 Armour
 + Level 2.9 Dodging
 * Level 0.1 Spellcasting


You had one spell level left.
You didn't know any spells.
Your spell library contained the following spells:

 Spells                   Type           Power      Damage    Failure   Level
 Hailstorm                Conj/Ice       0%         3d5       86%         3
 Summon Ice Beast         Ice/Summ       0%         N/A       86%         3
 Sculpt Simulacrum        Ice/Alch       0%         N/A       100%        6


Dungeon Overview and Level Annotations

Branches:
Dungeon (2/15)

Altars:

Annotations:
D:2 Sigmund


Innate Abilities, Weirdness & Mutations

Spells you cast may paralyse adjacent enemies.


Message History

Found a club.
Sigmund hits you with a +2 vampiric scythe.
You slash Sigmund!
Sigmund is heavily wounded.
Sigmund misses you.
You hit Sigmund.
Sigmund is heavily wounded.
Sigmund hits you but does no damage.
You barely miss Sigmund.
Sigmund is heavily wounded.
Sigmund barely misses you.
You hit Sigmund.
Sigmund is heavily wounded.
Sigmund closely misses you.
You hit Sigmund.
Sigmund is severely wounded.
You hit Sigmund.
Sigmund is severely wounded.
Sigmund hits you with a +2 vampiric scythe.
You barely miss Sigmund.
Sigmund is severely wounded.
Sigmund hits you with a +2 vampiric scythe.
You barely miss Sigmund.
Sigmund is severely wounded.
Sigmund hits you with a +2 vampiric scythe.
You closely miss Sigmund.
Sigmund is severely wounded.
Sigmund barely misses you.
You barely miss Sigmund.
Sigmund is severely wounded.
Sigmund casts a spell at you. The magic dart hits you!
* * * LOW HITPOINT WARNING * * *
You hit Sigmund but do no damage.
Sigmund is severely wounded.
Sigmund mumbles some strange words.
Sigmund flickers and vanishes!
Deactivating autopickup; reactivate with Ctrl-A.
It was a potion of curing.
You feel better. Something hits you!
You die...

#.###.# #...# #.# #.###
#...# #># #.... #...#
#.####### . #...#
#....##
#.###...########.....#
..............##.#...#
.............)...#......
).....{@..<...#..#....##
#.###...#######..#.#..#
........ #.......#
##.....#. #.##.##.#
#.....#.# ...#.# .#
#......# # ... .
#......# ..$ .. ....####


There were no monsters in sight!

Vanquished Creatures
  3 ball pythons
  An endoplasm (D:1)
  5 goblins
  2 hobgoblins
  2 jackals (D:1)
  2 bats
  A frilled lizard (D:1)
  4 kobolds (D:1)
  3 rats (D:1)
23 creatures vanquished.

Notes
Turn   | Place    | Note
-------+----------+-------------------------------------------
     0 | D:1      | gelatine the Demonspawn Gladiator began the quest for the
                  | Orb.
     0 | D:1      | Reached XP level 1. HP: 16/16 MP: 1/1
    41 | D:1      | Reached skill level 3 in Axes
   124 | D:1      | Gained mutation: Spells you cast may paralyse adjacent
                  | enemies. [demonic ancestry]
   124 | D:1      | Reached XP level 2. HP: 22/22 MP: 2/2
   629 | D:2      | Noticed Sigmund
   643 | D:2      | HP: 1/22 [Sigmund/magic dart (8)]
   645 | D:2      | Slain by Sigmund

Illustrated notes

Levels and vault maps discovered:
D:1:      dpeg_arrival_line_fractal, layout_rooms,
          hellmonk_ecumenical_altar_run_dry
D:2:      layout_loops_cross, uniq_sigmund

Skill      XL: |  1  2 |
---------------+-------+-----
Axes           | 3 |  3.3
Throwing       | 2 |  2.0
Fighting       | |  2.0
Armour         | |  0.2
Dodging        | |  2.9
Spellcasting   | |  0.1

Action                     || total
---------------------------++-------
  Melee: War axe           ||    60
  Throw: Throwing net      ||     4
         Javelin           ||     8
    Use: Potion            ||     1
 Armour: Leather armour    ||    34
  Dodge: Dodged            ||    35

Table legend: (Time is in decaauts)
 A = Elapsed time spent in this place.
 B = Non-inter-level travel time spent in this place.
 C = Inter-level travel time spent in this place.
 D = Time resting spent in this place.
 E = Time spent auto-exploring this place.
 F = Levels seen in this place.
 G = Mean time per level.
                   A        B        C        D        E       F      G
               +--------+--------+--------+--------+--------+-----+--------+
         Total |    667 |    630 |     37 |      0 |    428 |   2 |  333.5 |
       Dungeon |    667 |    630 |     37 |      0 |    428 |   2 |  333.5 |
               +--------+--------+--------+--------+--------+-----+--------+

Top non-repeatable levels by time:
     D:1: 534 daAuts
     D:2: 133 daAuts
